 Dungeon Crawl Stone Soup version 0.28-a0-627-g4e9751bbfc (webtiles) character file.

Game seed: 3595421472065152165

23234 gonz the Destroyer (level 12, -20/81 HPs)
             Began as a Yellow Draconian Conjurer on Oct 8, 2021.
             Was a Believer of Vehumet.
             Engulfed by a cloud of flame (22 damage)
             ... on level 9 of the Dungeon.
             The game lasted 01:20:57 (15554 turns).

gonz the Destroyer (Yellow Draconian Conjurer)     Turns: 15554, Time: 01:20:57

Health: -20/81     AC: 12    Str: 10    XL:     12   Next: 70%
Magic:  0/25       EV: 12    Int: 22    God:    Vehumet [**....]
Gold:   317        SH:  0    Dex: 11    Spells: 19/29 levels left

rFire   . . .      SeeInvis +   u - +5 falchion
rCold   . . .      Faith    .   (no shield)
rNeg    . . .      Spirit   +   (armour unavailable)
rPois   .          Reflect  .   (helmet restricted)
rElec   .          Harm     .   j - +0 cloak
rCorr   +          Rampage  .   e - +0 pair of gloves
Will    .....                   o - +1 pair of boots
Stlth   ++........              q - amulet of guardian spirit
HPRegen 0.23/turn               b - ring of see invisible
MPRegen 0.19/turn               g - ring of resist corrosion

@: marked
A: spit acid, AC +8, unfitting armour, cold-blooded, acid resistance
a: Breathe Acid, Renounce Religion


You were on level 9 of the Dungeon.
You worshipped Vehumet.
Vehumet was pleased with you.
You visited 1 branch of the dungeon, and saw 10 of its levels.

You collected 367 gold pieces.
You spent 50 gold pieces at shops.

Inventory:

Hand Weapons
 u - a +5 falchion (weapon)
Armour
 e - a +0 pair of gloves (worn)
 i - a +2 leather armour of willpower
 j - a +0 cloak (worn)
 l - a +2 leather armour of positive energy
 o - a +1 pair of boots (worn)
Magical Staves
 a - a staff of cold
Jewellery
 b - a ring of see invisible (left hand)
 g - a ring of resist corrosion (right hand)
 q - an amulet of guardian spirit (around neck)
 x - a ring of protection from cold
Wands
 t - a wand of mindburst (16)
 y - a wand of iceblast (6)
 z - a wand of charming (8)
Scrolls
 c - 2 scrolls of torment
 h - a scroll of holy word
 p - a scroll of immolation {unknown}
 s - a scroll of enchant armour {unknown}
 v - a scroll of enchant weapon {unknown}
 B - a scroll of acquirement {unknown}
 C - a scroll of fog {unknown}
 D - a scroll of identify
Potions
 d - a potion of flight
 f - a potion of magic
 m - 2 potions of berserk rage
 r - 2 potions of curing
 w - a potion of might
 A - a potion of haste {unknown}


   Skills:
 - Level 1.7 Dodging
 - Level 1.7 Stealth
 + Level 9.1 Spellcasting
 * Level 14.0 Conjurations
 * Level 10.9 Hexes


You had 19 spell levels left.
You knew the following spells:

 Your Spells              Type           Power      Damage    Failure   Level
a - Magic Dart            Conj           100%       1d8       1%          1
b - Searing Ray           Conj           100%       2d8       1%          2
c - Fulminant Prism       Conj/Hex       30%        3d16      1%          4
d - Dazzling Flash        Conj/Hex       100%       N/A       1%          3

Your spell library contained the following spells:

 Spells                   Type           Power      Damage    Failure   Level
 Foxfire                  Conj/Fire      100%       2x1d9     1%          1
 Summon Guardian Golem    Hex/Summ       34%        N/A       1%          3
 Mephitic Cloud           Conj/Pois/Air  30%        N/A       3%          3
 Iskenderun's Mystic Bla  Conj/Tloc      41%        2d9       3%          4
 Summon Small Mammal      Summ           40%        N/A       7%          1
 Corpse Rot               Necr/Air       N/A        N/A       10%         2
 Call Canine Familiar     Summ           10%        N/A       21%         3
 Ignite Poison            Fire/Tmut/Pois 10%        N/A       21%         3
 Freezing Cloud           Conj/Ice/Air   15%        6-21      26%         5
 Dispel Undead            Necr           10%        3d9       54%         4
 Death Channel            Necr           5%         N/A       100%        6


Dungeon Overview and Level Annotations

Branches:
Dungeon (10/15)            Temple (0/1) D:6
   Lair: D:8-11         Orc: D:9-12

Altars:
Cheibriados
Dithmenos
Elyvilon
Okawaru
Trog
Uskayaw
Vehumet
Zin
Beogh

Shops:
D:5 *

Annotations:
D:4 3 runed translucent doors, TimeIsEndless's ghost, amateur FoFi
D:9 Harold


Innate Abilities, Weirdness & Mutations

You can spit globs of acid.
Your golden yellow scales are hard. (AC +8)
You cannot fit into any form of body armour.
You are cold-blooded and may be slowed by cold attacks.
You are resistant to acid. (rCorr)


Message History

The harpoon shot misses you. Harold fires a harpoon shot at you.
The harpoon shot hits you!
You are yanked forward by the harpoon shot.
Harold says, "This is so exciting!
What a great way to end my career!"
The deep elf pyromancer gestures wildly while chanting.
Harold says, "Let's make it quick, okay?
I've got mouths to feed."
The deep elf pyromancer casts a spell.
Okay, then.
Harold fires a harpoon shot at you. The harpoon shot misses you.
Things that are here:
a +0 robe; a +0 dagger Harold says happily, "The price on your head will fill my nest egg nicely!"
Harold points at you and mumbles some strange words.
The mark upon you grows brighter. Harold gestures at you while chanting.
The mark upon you grows brighter.
The fire elemental disappears in a puff of smoke!
Harold fires a harpoon shot at you. The harpoon shot hits you!
You are yanked forward by the harpoon shot.
You can't go up here!
You hit the fire elemental.
The fire elemental is lightly damaged.
You are engulfed in blazing flames.
* * * LOW HITPOINT WARNING * * *
The fire elemental hits you. The fire elemental burns you!
* * * LOW HITPOINT WARNING * * *
The fire elemental closely misses you.
The deep elf pyromancer gestures wildly while chanting.
The deep elf pyromancer blinks!
The fire elemental hits you. The fire elemental burns you!
* * * LOW HITPOINT WARNING * * *
Harold misses you.
You closely miss the fire elemental.
You tail-slap the fire elemental, but do no damage.
The fire elemental is lightly damaged.
You are engulfed in blazing flames.
You die...

#....##.........##○○#
#...####..._...####.#
#....##.........##.§#
##..................#
#.....##.....##....#
###..###..#..###..##
#..##..###..##°.#
##.....###...@E.#
#####..#..##@○.#
#...(...E..#
##.........# ######
#.........# .....##
###.......#
####..######.<.....#
##......#.......#
######.........#
###.......#


You could see Harold and 2 fire elementals.

Vanquished Creatures
  A two-headed ogre (D:9)
  2 komodo dragons (D:10)
  Prince Ribbit (D:7)
  3 slime creatures (D:9)
  A wraith (D:9)
  A shadow (D:5)
  6 yaks
  2 humans (D:8)
  Grum (D:8)
  A water moccasin (D:7)
  Duvessa (D:4)
  4 orc warriors
  An ice beast (D:6)
  A sky beast (D:7)
  A hornet zombie (D:8)
  2 black bears
  A necrophage (D:3)
  2 ogres (D:6)
  2 wolves (D:8)
  A centaur (D:7)
  A phantom (D:5)
  A kobold brigand (D:10)
  3 bullfrogs
  Dowan (D:4)
  2 scorpions
  10 killer bees
  7 wights
  2 howler monkeys
  A bullfrog zombie (D:7)
  3 centaur zombies
  2 hounds
  2 jellies
  6 orc priests
  3 iguanas
  11 orc wizards
  A killer bee zombie (D:7)
  2 hound skeletons (D:4)
  An adder (D:5)
  2 shadow imps (D:6)
  2 ufetubi (D:5)
  2 worms
  3 dart slugs
  24 orcs
  7 bats
  3 endoplasms
  2 giant cockroaches
  2 goblins (D:1)
  10 hobgoblins
  4 quokkas
  3 ball pythons (D:1)
  2 frilled lizards (D:1)
  3 kobolds
  2 rats
165 creatures vanquished.

Vanquished Creatures (others)
  36 fulminant prisms
  10 fungi (D:10)
  11 plants (D:10)
57 creatures vanquished.

Grand Total: 222 creatures vanquished

Notes
Turn   | Place    | Note
-------+----------+-------------------------------------------
     0 | D:1      | gonz the Draconian Conjurer began the quest for the Orb.
     0 | D:1      | Reached XP level 1. HP: 14/14 MP: 3/3
   383 | D:1      | Reached XP level 2. HP: 20/20 MP: 3/5
   917 | D:2      | Found a faded altar of an unknown god.
  1167 | D:2      | Reached XP level 3. HP: 26/26 MP: 3/6
  2878 | D:3      | Noticed a necrophage
  2897 | D:3      | Killed a necrophage
  2898 | D:3      | Reached skill level 5 in Conjurations
  2898 | D:3      | Reached XP level 4. HP: 32/33 MP: 0/8
  2898 | D:3      | Reached XP level 5. HP: 36/38 MP: 0/9
  3108 | D:3      | Learned a level 2 spell: Searing Ray
  3789 | D:4      | Reached skill level 6 in Conjurations
  4122 | D:4      | Found a runed translucent gate.
  4123 | D:4      | Found a runed translucent gate.
  4123 | D:4      | Noticed an orc warrior
  4123 | D:4      | Noticed TimeIsEndless's ghost (amateur FoFi)
  4127 | D:4      | Found a runed translucent gate.
  4162 | D:4      | Reached XP level 6. HP: 45/45 MP: 6/11
  4830 | D:5      | Entered Level 5 of the Dungeon
  4890 | D:5      | Found a white marble altar of Elyvilon.
  5042 | D:5      | Reached skill level 7 in Conjurations
  5241 | D:5      | Learned a level 4 spell: Fulminant Prism
  5324 | D:5      | Noticed Dowan
  5326 | D:5      | Noticed Duvessa
  5723 | D:4      | Killed Duvessa
  5724 | D:4      | Your scales start taking on a golden yellow colour.
  5724 | D:4      | Reached XP level 7. HP: 44/50 MP: 4/13
  5724 | D:4      | Gained mutation: You are resistant to acid. (rCorr) [Yellow
                  | Draconian growth]
  5725 | D:4      | Killed Dowan
  5726 | D:4      | Reached skill level 1 in Hexes
  5831 | D:5      | Found Igasor's General Store.
  5834 | D:5      | Bought a scroll of identify for 20 gold pieces
  5834 | D:5      | Bought a scroll of teleportation for 30 gold pieces
  6303 | D:5      | Found a radiant altar of Vehumet.
  6311 | D:5      | Became a worshipper of Vehumet
  6875 | D:5      | Noticed a shadow
  6976 | D:5      | Killed a shadow
  6977 | D:5      | Reached skill level 8 in Conjurations
  7121 | D:6      | Reached skill level 5 in Spellcasting
  7121 | D:6      | Reached XP level 8. HP: 42/57 MP: 0/15
  7623 | D:6      | Found a staircase to the Ecumenical Temple.
  7731 | D:6      | Learned a level 3 spell: Dazzling Flash
  8440 | D:6      | Reached * piety under Vehumet
  8440 | D:6      | Offered knowledge of Freeze by Vehumet.
  8441 | D:6      | Reached skill level 9 in Conjurations
  9201 | D:7      | Reached XP level 9. HP: 49/62 MP: 3/17
  9304 | D:7      | Noticed Prince Ribbit
  9318 | D:7      | Killed Prince Ribbit
  9319 | D:7      | Reached skill level 5 in Hexes
  9418 | D:7      | Found a bloodstained altar of Trog.
 10044 | D:7      | Reached skill level 10 in Conjurations
 12150 | D:8      | Noticed Grum
 12317 | D:8      | Reached XP level 10. HP: 64/69 MP: 9/20
 12640 | D:8      | Killed Grum
 12646 | D:8      | Reached skill level 11 in Conjurations
 12795 | D:8      | Offered knowledge of Foxfire by Vehumet.
 12990 | D:8      | Reached ** piety under Vehumet
 13103 | D:8      | Found a glowing silver altar of Zin.
 13110 | D:8      | You fall into a shaft and drop 1 floor!
 13120 | D:9      | Noticed a two-headed ogre
 13132 | D:9      | Killed a two-headed ogre
 13336 | D:8      | Found an iron altar of Okawaru.
 13606 | D:9      | You fall into a shaft and drop 1 floor!
 13606 | D:10     | Entered Level 10 of the Dungeon
 14203 | D:9      | Found a snail-covered altar of Cheibriados.
 14223 | D:9      | Found a hide-covered altar of Uskayaw.
 14250 | D:9      | Found a shadowy altar of Dithmenos.
 14274 | D:9      | Reached skill level 13 in Conjurations
 14274 | D:9      | Reached XP level 11. HP: 74/74 MP: 21/23
 14275 | D:9      | Reached skill level 10 in Hexes
 14275 | D:9      | Reached XP level 12. HP: 81/81 MP: 21/25
 14789 | D:9      | Reached skill level 14 in Conjurations
 14859 | D:9      | Noticed Harold
 15553 | D:9      | HP: 2/81 [fire elemental[a deep elf pyromancer] (5)]
 15554 | D:9      | Engulfed by a cloud of flame

Illustrated notes

Levels and vault maps discovered:
D:1:      dpeg_arrival_signposts, layout_basic
D:2:      minmay_general_purpose_star, layout_basic,
          ebering_ecumenical_altar_mist
D:3:      layout_loops_corners, serial_glass, glass_columns_a, glass_columns_c
D:4:      layout_layer_cave, biasface_ghost_orc_armoury
D:5:      layout_gridville, nicolae_vehumet_radiance,
          nicolae_elyvilon_peaceful_grove, serial_shops, kennysheep_mini,
          uniq_duvessa
D:6:      layout_gridville, minmay_temple_entry_proselytizer, st_stairs_2
D:7:      layout_basic, lemuel_crystal_altar, chequers_serial_rivers_small_b,
          uniq_prince_ribbit1
D:8:      layout_loops_ring, lemuel_tele_altar, okawaru_humans,
          nrook_loot_triangle, uniq_grum
D:9:      layout_roguey, grunt_temple_overflow_open,
          nicolae_dithmenos_shadow_blocks, uniq_harold
D:10:     layout_roguey, mainiacjoe_overflow_alcove_4,
          mainiacjoe_overflow_24_doors, grunt_lair_entry_orc_guard_hut,
          minmay_orc_entry_temple_small, minivault_11,
          hangedman_decor_peaks_small

Skill      XL: |  1  2  3  4  5  6  7  8  9 10 11 12 |
---------------+-------------------------------------+-----
Spellcasting   | 3 4 5 6 8 9 |  9.1
Conjurations   | 5 6 7 8 9 10 13 14 | 14.0
Hexes          | 2 4 6 9 10 | 10.9
Dodging        | |  1.7
Stealth        | |  1.7

Action                   |  1- 3 |  4- 6 |  7- 9 | 10-12 || total
-------------------------+-------+-------+-------+-------++-------
Melee: Falchion          |       |       |       |     4 ||     4
       Tailslap          |       |       |       |     1 ||     1
 Cast: Magic Dart        |   115 |    49 |    58 |     6 ||   228
       Searing Ray       |       |    17 |    75 |    29 ||   121
       Fulminant Prism   |       |       |       |    36 ||    36
       Dazzling Flash    |       |       |       |     3 ||     3
Evoke: Wand              |       |       |       |     3 ||     3
  Use: Scroll            |     1 |     5 |     5 |     3 ||    14
       Potion            |       |       |     1 |     7 ||     8
Armor: Skin              |     7 |    14 |    42 |    35 ||    98
Dodge: Dodged            |    21 |    17 |    66 |    60 ||   164

Table legend: (Time is in decaauts)
 A = Elapsed time spent in this place.
 B = Non-inter-level travel time spent in this place.
 C = Inter-level travel time spent in this place.
 D = Time resting spent in this place.
 E = Time spent auto-exploring this place.
 F = Levels seen in this place.
 G = Mean time per level.
                   A        B        C        D        E       F      G
               +--------+--------+--------+--------+--------+-----+--------+
         Total |  15576 |  15424 |    152 |   5242 |   3699 |  10 | 1557.6 |
       Dungeon |  15576 |  15424 |    152 |   5242 |   3699 |  10 | 1557.6 |
               +--------+--------+--------+--------+--------+-----+--------+

Top non-repeatable levels by time:
     D:7: 2534 daAuts
     D:6: 1943 daAuts
     D:8: 1936 daAuts
     D:5: 1854 daAuts
     D:4: 1823 daAuts
     D:9: 1659 daAuts
     D:2: 1243 daAuts
     D:3: 1148 daAuts
     D:1: 1074 daAuts
    D:10: 357 daAuts
